 Dungeon Crawl Stone Soup version 0.28-a0-834-g1a73be5ee4 (webtiles) character file.

Game seed: 4469960007831359565

507 Crownlay the Cleaver (level 7, -4/57 HPs)
             Began as a Hill Orc Fighter on Nov 11, 2021.
             Slain by a mummy (16 damage)
             ... in an ossuary.
             The game lasted 00:02:15 (2634 turns).

Crownlay the Cleaver (Hill Orc Fighter)             Turns: 2634, Time: 00:02:16

Health: -4/57      AC:  8    Str: 21    XL:     7   Next: 18%
Magic:  7/7        EV:  9    Int:  8    God:
Gold:   118        SH:  4    Dex: 10    Spells: 6/6 levels left

rFire   . . .      SeeInvis .   a - +0 war axe
rCold   . . .      Faith    .   c - +0 buckler
rNeg    . . .      Spirit   .   b - +0 scale mail
rPois   .          Reflect  .   j - +0 helmet
rElec   .          Harm     .   (no cloak)
rCorr   .          Rampage  .   (no gloves)
Will    .....                   (no boots)
Stlth   ..........              (no amulet)
HPRegen 0.19/turn               (no ring)
MPRegen 0.10/turn               (no ring)

@: no status effects
A: no striking features
a: no special abilities


You were in an ossuary.
You visited 1 branch of the dungeon, and saw 4 of its levels.
You also visited: Ossuary.

You collected 118 gold pieces.

Inventory:

Hand Weapons
 a - a +0 war axe (weapon)
Armour
 b - a +0 scale mail (worn)
 c - a +0 buckler (worn)
 j - a +0 helmet (worn)
Scrolls
 e - 2 scrolls of identify {unknown}
 h - 2 scrolls of blinking {unknown}
 l - a scroll of silence {unknown}
 m - a scroll of fog {unknown}
 q - a scroll of teleportation {unknown}
Potions
 f - a potion of heal wounds {unknown}
 g - 4 potions of curing {unknown}
 i - a potion of lignification {unknown}
 k - a potion of flight {unknown}
 n - a potion of haste {unknown}
 o - a potion of degeneration {unknown}
 p - a potion of resistance {unknown}


   Skills:
 - Level 3.6 Fighting
 * Level 9.6 Axes
 - Level 3.2 Armour
 - Level 4.0 Shields


You had 6 spell levels left.
You didn't know any spells.
Your spell library contained the following spells:

 Spells                   Type           Power      Damage    Failure   Level
 Sandblast                Erth           0%         2d4       75%         1
 Passwall                 Tmut/Erth      0%         N/A       87%         2
 Conjure Flame            Conj/Fire      0%         6-21      98%         3
 Ignite Poison            Fire/Tmut/Pois 0%         N/A       98%         3
 Stone Arrow              Conj/Erth      0%         3d7       98%         3
 Sticky Flame             Conj/Fire      0%         2d3       100%        4


Dungeon Overview and Level Annotations

Branches:
Dungeon (4/15)            Ossuary (1/1)
 Temple: D:4-7

Altars:


Message History

The mummy is severely damaged.
You barely miss the mummy.
The mummy is severely damaged.
You hit the mummy but do no damage.
The mummy is severely damaged.
The mummy hits you!
You completely miss the mummy.
The mummy is severely damaged.
You hit the mummy. You hit the mummy but do no damage.
The mummy is severely damaged.
You hit the mummy. The mummy closely misses you. You block the mummy's attack.
You hit the mummy but do no damage.
The mummy is severely damaged.
You closely miss the mummy. The mummy closely misses you. The mummy hits you.
You are too injured to fight recklessly!
You are too injured to fight recklessly!
You are too injured to fight recklessly!
You are too injured to fight recklessly!
You are too injured to fight recklessly!
You are too injured to fight recklessly!
You barely miss the mummy.
The mummy is severely damaged.
You barely miss the mummy. You barely miss the mummy.
The mummy is severely damaged.
Your scale mail prevents you from hitting the mummy.
The mummy hits you but does no damage. x2
You barely miss the mummy.
The mummy is severely damaged.
You hit the mummy. The mummy closely misses you. The mummy hits you!
* * * LOW HITPOINT WARNING * * *
You hit the mummy but do no damage.
The mummy is severely damaged.
You slash the mummy! You barely miss the mummy.
The mummy is severely damaged.
Your scale mail prevents you from hitting the mummy.
The mummy hits you!
You die...

##### ##### #######
#...#...#!!??#...#..
#..@M.∩.+?$)!#.∩.'..
#..M#...#!??!#...#..
#...# ##### #####..
#...# #.. ##'## ##'
#...# #.. #...# #..
#...# #.. #...# #..


You could see 2 mummies.

Vanquished Creatures
  Grinder (D:3)
  3 water moccasin zombies (Ossuary)
  Terence (D:2)
  A mummy (D:4)
  Robin (D:2)
  5 adder zombies (Ossuary)
  A dart slug (D:1)
  4 endoplasms
  2 giant cockroaches (D:1)
  12 goblins
  5 hobgoblins
  7 jackals (D:2)
  A quokka (D:1)
  2 ball pythons
  4 bats
  3 frilled lizards
  3 gnoll zombies (Ossuary)
  5 hobgoblin zombies (Ossuary)
  7 kobolds
  8 kobold zombies (Ossuary)
  9 orc zombies (Ossuary)
  3 rats
88 creatures vanquished.

Notes
Turn   | Place    | Note
-------+----------+-------------------------------------------
     0 | D:1      | Crownlay the Hill Orc Fighter began the quest for the Orb.
     0 | D:1      | Reached XP level 1. HP: 19/19 MP: 1/1
   299 | D:1      | Reached skill level 3 in Axes
   375 | D:1      | Reached XP level 2. HP: 26/26 MP: 2/2
   882 | D:2      | Noticed Terence
   904 | D:2      | Killed Terence
   905 | D:2      | Reached skill level 4 in Axes
   905 | D:2      | Reached XP level 3. HP: 21/31 MP: 3/3
  1047 | D:2      | Noticed Robin
  1059 | D:2      | Killed Robin
  1062 | D:2      | Reached XP level 4. HP: 26/39 MP: 4/4
  1068 | D:2      | Reached skill level 5 in Axes
  1733 | D:3      | Noticed Grinder
  1753 | D:3      | Killed Grinder
  1754 | D:3      | Reached skill level 8 in Axes
  1754 | D:3      | Reached XP level 5. HP: 9/45 MP: 5/5
  1754 | D:3      | Reached XP level 6. HP: 10/51 MP: 6/6
  2259 | D:4      | Found a sand-covered staircase.
  2275 | Ossuary  | Entered an ossuary
  2456 | Ossuary  | Reached skill level 9 in Axes
  2456 | Ossuary  | Reached XP level 7. HP: 32/57 MP: 7/7
  2634 | Ossuary  | Slain by a mummy

Illustrated notes

Levels and vault maps discovered:
D:1:      dpeg_arrival_houses_and_road, layout_basic
D:2:      layout_rooms, uniq_terence, uniq_robin
D:3:      layout_rooms, uniq_grinder
D:4:      kennysheep_six_static_rooms, layout_basic, gup_ossuary_entry_pyramid,
          grunt_decor_arrowhead
Ossuary:  ossuary_tomb_2

Skill      XL: |  1  2  3  4  5  6 |
---------------+-------------------+-----
Axes           | 3 4 8 9 |  9.6
Shields        | 4 |  4.0
Fighting       | |  3.6
Armour         | |  3.2

Action                   |  1- 3 |  4- 6 |  7- 9 || total
-------------------------+-------+-------+-------++-------
Melee: War axe           |    55 |   134 |    37 ||   226
  Use: Potion            |       |     1 |       ||     1
Armor: Scale mail        |    17 |    48 |     7 ||    72
Dodge: Dodged            |    24 |    58 |    13 ||    95
Block: Buckler           |    10 |    28 |     6 ||    44

Table legend: (Time is in decaauts)
 A = Elapsed time spent in this place.
 B = Non-inter-level travel time spent in this place.
 C = Inter-level travel time spent in this place.
 D = Time resting spent in this place.
 E = Time spent auto-exploring this place.
 F = Levels seen in this place.
 G = Mean time per level.
                   A        B        C        D        E       F      G
               +--------+--------+--------+--------+--------+-----+--------+
         Total |   2673 |   2603 |     70 |      0 |   2141 |   5 |  534.6 |
       Dungeon |   2310 |   2240 |     70 |      0 |   1879 |   4 |  577.5 |
       Ossuary |    363 |    363 |      0 |      0 |    262 |   1 |  363.0 |
               +--------+--------+--------+--------+--------+-----+--------+

Top non-repeatable levels by time:
     D:1: 853 daAuts
     D:2: 718 daAuts
     D:3: 705 daAuts
 Ossuary: 363 daAuts
     D:4: 33 daAuts
